 Dungeon Crawl Stone Soup version 0.30.1-4-g462c640d31 (webtiles) character file.

Game seed: 15986257328230383954

24 lonewolfV2 the Trooper (level 3, -1/24 HPs)
             Began as a Gargoyle Fighter on Aug 25, 2023.
             Slain by Sigmund
             ... wielding a +0 scythe
              (7 damage)
             ... on level 2 of the Dungeon.
             The game lasted 00:00:55 (599 turns).

lonewolfV2 the Trooper (Gargoyle Fighter)            Turns: 599, Time: 00:00:56

Health: -1/24      AC: 10    Str: 27    XL:     3   Next: 2%
Magic:  3/3        EV:  9    Int:  8    God:
Gold:   48         SH:  4    Dex:  9    Spells: 2/2 levels left

rFire   . . .        e - +1 mace (heavy)
rCold   . . .        c - +0 buckler
rNeg    + . .        b - +0 scale mail
rPois   ∞            (no helmet)
rElec   +            (no cloak)
rCorr   .            (no gloves)
SInv    .            (no boots)
Will    .....        (no amulet) Stlth
                     f - +6 ring of strength
HPRegen 0.24/turn    (no ring)
MPRegen 0.08/turn

%: no passive effects
@: no status effects
A: sickness immunity, AC +3, negative energy resistance 1, electricity
resistance, torment resistance 1, petrification resistance
a: no special abilities


You were on level 2 of the Dungeon.
You visited 1 branch of the dungeon, and saw 2 of its levels.

You collected 48 gold pieces.

Inventory:

Hand Weapons
 a - a +0 flail
 e - a +1 heavy mace (weapon)
Armour
 b - a +0 scale mail (worn)
 c - a +0 buckler (worn)
Jewellery
 f - a +6 ring of strength (left hand)
Scrolls
 g - a scroll of silence {unknown}
 h - a scroll of magic mapping {unknown}
Potions
 d - a potion of might
 i - a potion of flight {unknown}


   Skills:
 + Level 3.7 Fighting
 + Level 2.3 Maces & Flails
 + Level 3.5 Armour
 + Level 0.1 Dodging
 + Level 3.5 Shields


You had 2 spell levels left.
You didn't know any spells.
Your spell library was empty.

Dungeon Overview and Level Annotations

Branches:
Dungeon (2/15)

Altars:

Annotations:
D:2 Sigmund


Innate Abilities, Weirdness & Mutations

You are immune to sickness and miasma.
Your stone body is resilient. (AC +3)
You are immune to poison.
You resist negative energy. (rN+)
You are resistant to electric shocks. (rElec)
You are resistant to unholy torment.
You are immune to petrification.


Message History

You block the hobgoblin's attack.
You hit the hobgoblin.
The hobgoblin is severely wounded.
The hobgoblin hits you but does no damage.
The adder bites you but does no damage.
You sock the hobgoblin!
You kill the hobgoblin!
Sigmund gestures wildly while chanting.
Sigmund flickers and vanishes!
Deactivating autopickup; reactivate with Ctrl-A.
You block the adder's attack. The adder closely misses you.
You have reached level 3!
Your experience leads to an increase in your attributes!
Your base attributes are Str 19, Int 8, Dex 9.
Increase (S)trength, (I)ntelligence, or (D)exterity?
You feel stronger. x2
The adder attacks as you move away! The adder bites you but does no damage.
You see here a hobgoblin corpse.
You hit the adder.
The adder is moderately wounded.
The adder bites you but does no damage. x2; The adder barely misses you.
You miss the adder.
The adder is moderately wounded.
The adder bites you but does no damage. Something hits you but does no damage.
The adder bites you but does no damage.
You closely miss the adder.
The adder is moderately wounded.
The adder bites you. Something hits you.
The adder bites you but does no damage. Something hits you!
You block the adder's attack.
You miss the adder.
The adder is moderately wounded.
You block the adder's attack. Something hits you. The adder barely misses you.
You hit the adder but do no damage.
The adder is moderately wounded.
The adder completely misses you. You block the adder's attack.
Something hits you.
* * * LOW HITPOINT WARNING * * *
You block the adder's attack. Something hits you!
You die...

### .. . .#
... ##.##..#
######.....#
#....S@.#
.....##<####
#.. #...# .
.......
.....#####
..... ..[.
... ..#


You could see an adder.

Vanquished Creatures
  A dart slug (D:1)
  3 giant cockroaches (D:1)
  A goblin (D:1)
  2 hobgoblins
  2 jackals (D:1)
  A quokka (D:1)
  A ball python (D:1)
  2 bats (D:1)
  A frilled lizard (D:1)
  3 kobolds (D:1)
  4 rats (D:1)
21 creatures vanquished.

Notes
Turn   | Place    | Note
-------+----------+-------------------------------------------
     0 | D:1      | lonewolfV2 the Gargoyle Fighter began the quest for the
                  | Orb.
     0 | D:1      | Reached XP level 1. HP: 14/14 MP: 1/1
   117 | D:1      | Reached XP level 2. HP: 19/19 MP: 2/2
   589 | D:2      | Noticed Sigmund
   594 | D:2      | Reached XP level 3. HP: 24/24 MP: 3/3
   599 | D:2      | Slain by Sigmund

Illustrated notes

Levels and vault maps discovered:
D:1:      minmay_arrival_five_plusses, layout_loops_ring, corexii_corridor_pit
D:2:      layout_rooms, basic_altar, uniq_sigmund

Action                     || total
---------------------------++-------
  Melee: Flail             ||    15
         Mace              ||    34
 Armour: Scale mail        ||    49
  Dodge: Dodged            ||    23
  Block: Buckler           ||    23
